Map: Year Zero LE

Players

ShaDoWn - Winner!

  • Race: Protoss Protoss
  • Spawn Location: 11:00

LiquidMaNa (MaNa)

  • Race: Protoss Protoss
  • League: Master
  • Spawn Location: 1:00

Event: 2019 WCS Winter Europe

VOD

Have the link to the VOD?

Description

Time

  • Played on: Feb. 1, 2019, 10:18 a.m.
  • Length: 8:18

All games in this series

Show
View Real Time Build Order
Export as new Build Order

ShaDoWn Protoss - Winner!

Build Orders: Phoenix Opening 

Get SALT Encoding   

  12  0:00  Probe  
  13  0:12  Probe  
  14  0:17  Pylon  
  14  0:24  Probe  
  15  0:32  Probe  
  15  0:37  Gateway  
  15  0:40  Probe  
  16  0:47  Assimilator  
  17  0:51  Probe  
  17  0:55  Assimilator  
  18  1:00  Probe  
  19  1:08  Probe  
  19  1:11  Gateway  
  19  1:17  Probe  
  20  1:25  Cybernetics Core  
  21  1:29  Probe  
  22  1:36  Pylon  
  22  1:41  Probe  
  23  1:54  Probe  
  26  2:01  Stalker, Sentry  
  26  2:04  Warp Gate  
  26  2:06  Probe  
  29  2:12  Pylon  
  29  2:34  Stargate  
  29  2:38  Stalker  
  31  2:55  Nexus  
  33  3:13  Probe  
  33  3:18  Phoenix  
  36  3:25  Probe, Pylon  
  35  3:35  Probe  
  36  3:42  Phoenix  
  36  3:47  Robotics Facility  
  36  3:48  Probe  
  38  3:53  Shield Battery  
  39  3:58  Probe  
  39  3:59  Phoenix  
  40  4:05  Probe  
  43  4:11  Probe  
  43  4:13  Probe  
  44  4:20  Phoenix  
  44  4:22  Probe  
  44  4:23  Phoenix, Probe  
  46  4:29  Assimilator  
  49  4:34  Probe  
  49  4:35  Probe  
  51  4:39  Phoenix  
  53  4:46  Probe  
  53  4:48  Probe  
  55  4:53  Assimilator  
  55  4:58  Immortal, Probe  
  56  5:00  Probe  
  56  5:05  Pylon  
  57  5:11  Probe  
  62  5:23  Probe x2  
  62  5:24  Pylon  
  64  5:28  Immortal  
  64  5:32  Forge  
  68  5:45  Zealot x2  
  68  5:47  Shield Battery x2  
  68  5:49  Shield Battery  
  72  6:02  Twilight Council  
  72  6:04  Shield Battery  
  72  6:06  Gateway  
  72  6:07  Zealot x2  
  72  6:10  Warp Prism  
  72  6:11  Protoss Ground Weapons Level 1  
  76  6:20  Pylon  
  76  6:24  Pylon  
  78  6:25  Pylon  
  78  6:37  Immortal  
  82  6:51  Pylon  
  82  6:56  Pylon  
  82  7:02  Templar Archives  
  80  7:10  Immortal  
  80  7:15  Zealot x2  
  82  7:16  Zealot  
  82  7:38  Gateway  
  82  7:41  Zealot x3, Gateway  
  92  7:51  Gateway  
  92  7:55  Gateway  
  92  8:08  Zealot x3  
Show
View Real Time Build Order
Export as new Build Order

LiquidMaNa Protoss 

Build Orders: Oracle Opening, Blink Stalkers 

Get SALT Encoding   

  12  0:00  Probe  
  13  0:12  Probe  
  14  0:17  Pylon  
  14  0:23  Probe  
  15  0:32  Probe  
  15  0:39  Gateway  
  15  0:40  Probe  
  16  0:48  Assimilator  
  17  0:51  Probe  
  17  0:56  Assimilator  
  18  1:00  Probe  
  19  1:08  Probe  
  19  1:10  Gateway  
  19  1:17  Probe  
  21  1:26  Cybernetics Core  
  21  1:29  Probe  
  22  1:37  Pylon  
  22  1:41  Probe  
  23  1:55  Probe  
  24  2:02  Stalker  
  24  2:03  Warp Gate, Sentry  
  24  2:07  Probe  
  29  2:12  Pylon  
  29  2:19  Probe  
  30  2:31  Stargate, Probe  
  31  2:52  Nexus  
  31  2:56  Probe  
  32  3:05  Oracle  
  32  3:08  Probe  
  32  3:09  Pylon  
  36  3:21  Probe  
  37  3:30  Twilight Council  
  37  3:33  Probe  
  38  3:45  Probe  
  39  3:54  Forge  
  41  3:57  Stalker, Probe  
  41  3:58  Blink  
  44  4:05  Probe  
  44  4:09  Probe  
  44  4:11  Stalker  
  46  4:17  Protoss Ground Weapons Level 1, Probe  
  46  4:21  Stalker, Probe  
  50  4:29  Probe  
  51  4:33  Probe  
  52  4:42  Probe  
  52  4:44  Robotics Facility  
  54  4:45  Probe  
  54  4:46  Stalker  
  55  4:53  Pylon  
  55  4:55  Assimilator  
  55  4:56  Stalker  
  55  4:59  Probe x2  
  59  5:03  Pylon  
  59  5:19  Probe  
  59  5:21  Warp Prism  
  55  5:28  Shield Battery  
  55  5:29  Gateway  
  55  5:30  Gateway  
  55  5:33  Gateway  
  57  5:38  Gateway  
  57  5:43  Stalker  
  57  5:47  Stalker  
  57  5:49  Probe  
  60  5:51  Probe  
  61  6:11  Stalker  
  61  6:12  Stalker  
  61  6:13  Probe x2  
  67  6:20  Pylon  
  67  6:41  Stalker x4  
  68  6:56  Probe x2  
  68  6:57  Stalker x2  
  74  7:11  Stalker x4  
  72  7:25  Probe x2  
  70  7:35  Stalker x5  
  80  7:39  Stalker  
  82  7:51  Observer  
  83  7:55  Pylon  
  83  7:57  Pylon  
  83  8:12  Zealot x3  
Tags
 
Add a new tag
Caveats
  • Supply blocks, unpowered buildings, or Contaminate may cause inaccurate times.
  • Supply counts are checked every 10 seconds.